 Dungeon Crawl Stone Soup version 0.26.1-11-gd32895ea62 (webtiles) character file.

Game seed: 987411966624228031

86 Revguard the Ducker (level 4, -2/28 (34) HPs)
             Began as a Demonspawn Gladiator on July 9, 2021.
             Slain by a sky beast (6 damage)
             ... on level 2 of the Dungeon.
             The game lasted 00:06:26 (2499 turns).

Revguard the Ducker (Demonspawn Gladiator)          Turns: 2499, Time: 00:06:26

HP:   -2/28 (34)    AC:  4    Str: 15    XL:     4   Next: 27%
MP:   4/4           EV: 13    Int:  9    God:
Gold: 54            SH:  0    Dex: 15    Spells: 3/3 levels left

rFire    . . .     SeeInvis .   a - +0 rapier
rCold    . . .     Faith    .   (no shield)
rNeg     . . .     Spirit   .   b - +0 leather armour
rPois    .         Reflect  .   c - +0 helmet
rElec    .         Harm     .   h - scarf {+Inv}
rCorr    .         Rampage  .   (no gloves)
Will     .....                  (no boots)
Stlth    ++........             (no amulet)
HPRegen  0.09/turn              (no ring)
MPRegen  0.09/turn              (no ring)

@: heavily drained
A: powered by pain 1
a: Evoke Invisibility


You were on level 2 of the Dungeon.
You visited 1 branch of the dungeon, and saw 2 of its levels.

You collected 54 gold pieces.

Inventory:

Hand Weapons
 a - a +0 rapier (weapon)
Missiles
 d - 4 throwing nets (quivered)
 g - 22 poisoned darts
Armour
 b - a +0 leather armour (worn)
 c - a +0 helmet (worn)
 h - a scarf of invisibility (worn)
Scrolls
 f - a scroll of remove curse {unknown}
 i - a scroll of noise {unknown}
Potions
 j - a potion of mutation {unknown}


   Skills:
 + Level 2.6 Fighting
 + Level 3.1 Short Blades
 - Level 1.7 Throwing
 + Level 1.2 Armour
 + Level 3.2 Dodging
 + Level 1.3 Stealth
 * Level 0.9 Evocations


You had 3 spell levels left.
You didn't know any spells.
Your spell library was empty.

Dungeon Overview and Level Annotations

Branches:
Dungeon (2/15)

Altars:


Innate Abilities, Weirdness & Mutations

You sometimes gain a little power by taking damage.


Message History

You feel drained.
You fail to use your ability.
You barely miss the sky beast. The sky beast misses you.
You hit the sky beast.
The sky beast is lightly wounded.
The sky beast flickers out of sight!
Deactivating autopickup; reactivate with Ctrl-A.
Something hits you but does no damage.
You closely miss something. Something hits you. Something shocks you.
You puncture something! Something hits you but does no damage.
You closely miss something. Something hits you. Something shocks you.
You closely miss something. Something hits you but does no damage.
You hit something. Something hits you. Something shocks you.
* * * LOW HITPOINT WARNING * * *
You aren't carrying any items that you can evoke.
As you read the scroll labelled VETORHYNOT, it crumbles to dust.
It is a scroll of amnesia.
You feel forgetful for a moment. Something hits you.
* * * LOW HITPOINT WARNING * * *
Something shocks you.
You die...

.##.###...#
####.......##.#.
..........#.#
####.........
###.###.....#
#.....#.###.. ###.#
#..........#..##.### ..#†#
#.....#### #.###....
#...###.....### #)##....
##..##....#...####.#..#...
##.#>....###.....<..# .##
#....###.......@..###
##.#..##.#.####{.####..
####($#.#..............
##......###.##.....#
#....#.## ..# ###..#
#....##....### ..
......###..## #.##### #..#
#.. ....


There were no monsters in sight!

Vanquished Creatures
  3 adders
  5 dart slugs
  2 leopard geckos (D:1)
  7 bats
  4 giant cockroaches (D:1)
  5 goblins (D:1)
  6 hobgoblins
  2 frilled lizards (D:1)
  7 kobolds
  4 rats
45 creatures vanquished.

Vanquished Creatures (others)
  3 plants (D:1)
3 creatures vanquished.

Grand Total: 48 creatures vanquished

Notes
Turn   | Place    | Note
-------+----------+-------------------------------------------
     0 | D:1      | Revguard the Demonspawn Gladiator began the quest for the
                  | Orb.
     0 | D:1      | Reached XP level 1. HP: 16/16 MP: 1/1
    99 | D:1      | Gained mutation: You sometimes gain a little power by
                  | taking damage. [demonic ancestry]
    99 | D:1      | Reached XP level 2. HP: 9/22 MP: 2/2
   841 | D:1      | Reached XP level 3. HP: 28/28 MP: 3/3
   935 | D:1      | Reached skill level 1 in Stealth
  1249 | D:1      | Reached skill level 1 in Armour
  1998 | D:2      | Reached XP level 4. HP: 24/34 MP: 4/4
  2113 | D:2      | Noticed a sky beast
  2499 | D:2      | Slain by a sky beast

Illustrated notes

Levels and vault maps discovered:
D:1:      amcnicky_arrival_choice, layout_basic, serial_forest,
          infiniplex_forest_end_1, infiniplex_forest_clump_small,
          infiniplex_forest_straight_4, infiniplex_forest_end_double,
          infiniplex_forest_clump_large, infiniplex_forest_clump_long,
          infiniplex_forest_clump_large
D:2:      layout_rooms, lemuel_round_altar, minmay_fractal_squares_gapless_5,
          uniq_crazy_yiuf_cottage

Skill      XL: |  1  2  3 |
---------------+----------+-----
Dodging        | 3 |  3.2
Stealth        | 1 |  1.3
Short Blades   | 3 |  3.1
Armour         | 1 |  1.2
Fighting       | |  2.6
Throwing       | |  1.7
Evocations     | |  0.9

Action                   |  1- 3 |  4- 6 || total
-------------------------+-------+-------++-------
Melee: Rapier            |   148 |    16 ||   164
  Use: Scroll            |       |     1 ||     1
 Stab: Sleeping          |     1 |       ||     1
Armor: Leather armour    |    51 |     5 ||    56
Dodge: Dodged            |   151 |     8 ||   159
